 Dungeon Crawl Stone Soup version 0.18.1-48-g4cf74bf (webtiles) character file.

475 Crag the Ruffian (level 7, -3/60 HPs)
             Began as a Naga Transmuter on Aug 21, 2016.
             Slain by an ogre
             ... wielding a +0 giant spiked club
              (24 damage)
             ... on level 4 of the Dungeon.
             The game lasted 00:22:39 (3592 turns).

Crag the Ruffian (Naga Transmuter)                  Turns: 3592, Time: 00:22:40

Health: -3/60      AC:  7    Str: 12    XL:     7   Next: 10%
Magic:  10/10      EV: 12    Int: 16    God:
Gold:   133        SH:  0    Dex: 11    Spells: 1 memorised, 9 levels left

rFire  + . .     SeeInvis +       - Unarmed
rCold  + . .     Gourm    .     s - +2 robe {rC+ rF+}
rNeg   . . .     Faith    .     (no shield)
rPois  +         Spirit   .     (no helmet)
rElec  .         Dismiss  .     (no cloak)
rCorr  .         Reflect  .     u - +1 pair of gloves
SustAt .         Harm     .     (no barding)
MR     .....                    (no amulet)
Stlth  +.........               (no ring)
                                f - +2 ring of evasion

@: appendage (expiring), very slow, not resistant to hostile enchantments, very
unstealthy
A: horns 2, see invisible, deformed body, poison resistance, slowness 2, slow
metabolism 1, spit poison 2, AC +2
a: Spit Poison, End Transformation


You were on level 4 of the Dungeon.
You were not hungry.
You had grown temporary horns.
You visited 1 branch of the dungeon, and saw 4 of its levels.

You collected 133 gold pieces.

Inventory:

Missiles
 a - 83 arrows
Armour
 b - a +0 robe
 r - a +0 leather armour
 s - a +2 robe of resistance (worn)
 u - a +1 pair of gloves (worn)
 v - a +0 ring mail
Jewellery
 f - a +2 ring of evasion (left hand)
Wands
 w - a wand of flame (46/48)
Scrolls
 e - 4 scrolls of identify
 h - a scroll of noise {unknown}
 l - a scroll of recharging
 m - a scroll of magic mapping {unknown}
 o - a scroll of immolation {unknown}
 p - 2 scrolls of fog {unknown}
 x - a scroll of enchant armour
 y - a scroll of amnesia {unknown}
Potions
 i - 2 potions of curing
 j - a potion of resistance
 k - a potion of agility {unknown}
 q - a potion of degeneration {unknown}
Books
 c - a book of Changes

   Spells                             Type                      Level
   a - Beastly Appendage              Transmutation                1
   b - Sticks to Snakes               Transmutation                2
   c - Spider Form                    Transmutation/Poison         3
   d - Ice Form                       Ice/Transmutation            4
   e - Blade Hands                    Transmutation                5
Comestibles
 d - 5 bread rations
 g - a beef jerky
 n - 5 chunks of flesh
 t - 2 meat rations


   Skills:
 - Level 2.2 Fighting
 - Level 1.5 Dodging
 + Level 7.5 Unarmed Combat
 - Level 2.0 Spellcasting
 - Level 2.0 Transmutations


You had 9 spell levels left.
You knew the following spells:

 Your Spells              Type           Power        Failure   Level  Hunger
a - Beastly Appendage     Trmt           #.....       10%         1    #......


Dungeon Overview and Level Annotations

Branches:
Dungeon (4/15)
 Temple: D:4-7

Altars:
Qazlal
Yredelemnul


Innate Abilities, Weirdness & Mutations

You cannot wear boots.
Your serpentine skin is tough (AC +2).
You have supernaturally acute eyesight.
Armour fits poorly on your strangely shaped body.
Your system is resistant to poisons.
You cover ground very slowly.
You have a slow metabolism.
You can spit poison.
You have a pair of horns on your head.


Message History

The giant newt bites you.
You hit the ogre.
The ogre is severely wounded.
The howler monkey barely misses you.
The howler monkey bites you but does no damage.
You barely miss the ogre.
The ogre is severely wounded.
You have got your breath back.
The ogre completely misses you.
The giant newt hisses menacingly.
The giant newt closely misses you.
The howler monkey hits you but does no damage.
The howler monkey misses you.
You hit the ogre.
You headbutt the ogre, but do no damage.
The ogre is severely wounded.
The ogre looks more healthy.
The giant newt bites you but does no damage.
The ogre hits you with a giant spiked club!!
You die...

#. #..####...###.....## ..
#....##.#..######... .##
#....##..#..# ##..
#.....##.##.# #..
##....##.##.## #..
#....##.....## #..
###..######..######
##+########.#.## ##...# #.
.......$O@l[#..######.###.
....$..)†h..#......[......
............#.......#.<.##
########†####.#####.###..#
... ### #..##... ...!
##..#... $... ##.#...
...... #..... ###...


You could see an ogre, a howler monkey and a giant newt.

Vanquished Creatures
  An ogre (D:4)
  2 howler monkeys (D:4)
  A hound (D:4)
  An orc wizard (D:4)
  A worker ant (D:4)
  2 hound skeletons (D:4)
  3 gnolls (D:4)
  8 adders
  An ooze (D:1)
  An adder skeleton (D:4)
  A worm (D:4)
  A dart slug (D:3)
  4 giant geckos
  5 orcs (D:4)
  6 bats
  7 giant cockroaches
  8 hobgoblins
  4 jackals
  2 quokkas
  3 ball pythons
  6 giant newts
  7 goblins
  8 kobolds
  A quokka skeleton (D:4)
  8 rats
  A spectral orc (D:2)
93 creatures vanquished.

Vanquished Creatures (others)
  An adder (D:3)
1 creature vanquished.

Grand Total: 94 creatures vanquished

Notes
Turn   | Place    | Note
--------------------------------------------------------------
     0 | D:1      | Crag the Naga Transmuter began the quest for the Orb.
     0 | D:1      | Reached XP level 1. HP: 18/18 MP: 3/3
   255 | D:1      | Reached XP level 2. HP: 25/25 MP: 3/5
   797 | D:1      | Reached skill level 4 in Unarmed Combat
   797 | D:1      | Reached XP level 3. HP: 30/31 MP: 4/6
  1132 | D:2      | Found a basalt altar of Yredelemnul.
  1139 | D:2      | Reached XP level 4. HP: 36/38 MP: 5/7
  1603 | D:2      | Reached skill level 5 in Unarmed Combat
  2347 | D:3      | Found a stormy altar of Qazlal.
  2589 | D:3      | Reached XP level 5. HP: 44/44 MP: 6/8
  3158 | D:4      | Reached skill level 6 in Unarmed Combat
  3362 | D:4      | Reached XP level 6. HP: 51/51 MP: 7/9
  3564 | D:4      | Reached skill level 7 in Unarmed Combat
  3575 | D:4      | Reached XP level 7. HP: 36/60 MP: 10/10
  3592 | D:4      | Slain by an ogre

Skill      XL: |  1  2  3  4  5  6 |
---------------+-------------------+-----
Unarmed Combat | 4 5 6 7 |  7.5
Fighting       | 2 |  2.2
Dodging        | |  1.5
Spellcasting   | |  2.0
Transmutations | |  2.0

Action                   |  1- 3 |  4- 6 |  7- 9 || total
-------------------------+-------+-------+-------++-------
Melee: Unarmed           |    53 |   170 |    12 ||   235
       Headbutt          |     5 |    25 |     1 ||    31
       Punch             |     1 |     1 |       ||     2
 Cast: Beastly Appendage |    18 |    34 |     1 ||    53
 Abil: Spit Poison       |    22 |    30 |     2 ||    54
Evoke: Wand              |       |     2 |       ||     2
  Use: Scroll            |       |     7 |       ||     7
       Potion            |       |     4 |       ||     4
  Eat: Chunk             |     2 |     9 |       ||    11
Armor: Robe              |     4 |    49 |     9 ||    62
Dodge: Dodged            |    28 |   104 |    19 ||   151
